 Dungeon Crawl Stone Soup version 0.17-a0-1504-gb7d9117 (webtiles) character file.

108 WellDressedCM the Insei (level 4, 0/31 HPs)
             Began as an Octopode Monk on July 6, 2015.
             Was an Initiate of Gozag.
             Succumbed to an adder's poison
             ... on level 2 of the Dungeon on July 7, 2015.
             The game lasted 00:19:04 (1791 turns).

WellDressedCM the Insei (Octopode Monk)             Turns: 1791, Time: 00:19:05

Health: 0/31       AC:  1    Str: 10    XL:     4   Next: 87%
Magic:  4/4        EV: 14    Int: 12    God:    Gozag
Gold:   198        SH:  0    Dex: 15    Spells: 2 memorised, 0 levels left

rFire  . . .     SeeInvis .     f - +3 quarterstaff (chaos)
rCold  . . .     Clarity  .     (no shield)
rNeg   . . .     SustAt   .     (helmet restricted)
rPois  .         Gourm    .     (no amulet)
rElec  .         Spirit   .     k - ring of teleportation (curse)
rCorr  .         Warding  .     (no ring)
rMut   .         Rnd*Tele +     (no ring)
MR     .....                    (no ring)
Stlth  ++++......               (no ring)
                                (no ring)
                                (no ring)
                                (no ring)

@: lethally poisoned (0 -> -4), not resistant to hostile enchantments, stealthy
A: almost no armour, amphibious, 8 rings, constrict 8, camouflage 1, gelatinous
body 1
a: Potion Petition, Call Merchant, Bribe Branch, Renounce Religion, Evoke
Teleportation


You were on level 2 of the Dungeon.
You worshipped Gozag.
Gozag was noncommittal.
You were not hungry.

You visited 1 branch of the dungeon, and saw 2 of its levels.

You collected 198 gold pieces.

Inventory:

Hand weapons
 d - a +1 dagger of venom
 f - a +3 quarterstaff of chaos (weapon)
Missiles
 b - 42 stones (quivered)
 h - 5 tomahawks
Jewellery
 k - a cursed ring of teleportation (left tentacle)
Scrolls
 e - a scroll of amnesia
 g - a scroll of recharging
 i - 4 scrolls of enchant weapon
 l - a scroll of identify
Potions
 j - a potion of agility
Books
 c - a book of Conjurations

   Spells                             Type                      Level
   a - Magic Dart                     Conjuration                  1
   b - Searing Ray                    Conjuration                  2
   c - Dazzling Spray                 Conjuration/Hexes            3
   d - Fulminant Prism                Conjuration/Hexes            4
   e - Iskenderun's Mystic Blast      Conjuration                  4
   f - Iskenderun's Battlesphere      Conjuration/Charms           5
Comestibles
 a - 2 bread rations


   Skills:
 + Level 3.4 Fighting
 - Level 0.2 Short Blades
 * Level 0.8 Staves
 + Level 3.6 Dodging
 * Level 4.4 Stealth
 - Level 4.5 Unarmed Combat


You couldn't memorise any spells.
You knew the following spells:

 Your Spells              Type           Power        Failure   Level  Hunger
a - Searing Ray           Conj           #.....       52%         2    ###....
b - Magic Dart            Conj           #...         34%         1    ##.....


Dungeon Overview and Level Annotations

Branches:
Dungeon (2/15)

Altars:
Gozag


Innate Abilities, Weirdness & Mutations

You cannot wear most types of armour.
You are amphibious.
You can wear up to eight rings at the same time.
You can use your tentacles to constrict eight enemies at once.
Your skin changes colour to match your surroundings (Stealth).
Your rubbery body absorbs attacks (AC +1).


Message History

You feel sick.
You continue eating.
* * * LOW HITPOINT WARNING * * *
You feel sick.
You finish eating.
That bread ration really hit the spot!
There is a lethal amount of poison in your body!
There is a lethal amount of poison in your body!
* * * LOW HITPOINT WARNING * * *
You feel sick.
You are suddenly yanked towards a nearby monster!
Your surroundings suddenly seem different.
* * * LOW HITPOINT WARNING * * *
You feel sick.
An orc comes into view.
The orc shouts!
* * * LOW HITPOINT WARNING * * *
You feel sick.
A hobgoblin comes into view. It is wielding a club.
You die...
Your body crumbles into a pile of gold.

####.#######...#
.....# ##.## ####.#
#.# ####.########.####
.)..............)#
##.#.########.##.#
##.#.########.##.#
...#..........##.####
####.###..<.....@.>.#
.....# #.......#.##.#
.##### #.###......#.#
..# #.###...#.#..#
#.######.##...o.....#
....##.........#.#.>#
...8.#..............##
.....#.#.............#
._.....###g..#####.#.#


You could see an orc.

Vanquished Creatures
  Crazy Yiuf (D:2)
  3 adders (D:2)
  2 ball pythons (D:1)
  10 bats
  2 giant cockroaches
  4 goblins
  5 hobgoblins
  2 quokkas (D:2)
  A giant newt (D:1)
  7 jackals
  10 kobolds
  4 rats (D:1)
51 creatures vanquished.

Notes
Turn   | Place    | Note
--------------------------------------------------------------
     0 | D:1      | WellDressedCM the Octopode Monk began the quest for the Orb.
     0 | D:1      | Reached XP level 1. HP: 16/16 MP: 1/1
     5 | D:1      | Upgraded the game from 0.17-a0-1497-g03599f7 to 0.17-a0-1504-gb7d9117
   161 | D:1      | Reached XP level 2. HP: 6/21 MP: 2/2
   791 | D:1      | Reached XP level 3. HP: 26/26 MP: 3/3
  1219 | D:2      | Found an opulent altar of Gozag.
  1226 | D:2      | Became a worshipper of Gozag Ym Sagoz the Greedy
  1247 | D:2      | Noticed Crazy Yiuf
  1254 | D:2      | Killed Crazy Yiuf
  1254 | D:2      | Reached XP level 4. HP: 16/31 MP: 0/4
  1440 | D:2      | Learned a level 2 spell: Searing Ray
  1442 | D:2      | Learned a level 1 spell: Magic Dart
  1789 | D:2      | HP: 1/31 [poisoned by an adder]
  1791 | D:2      | Succumbed to an adder's poison

Vault maps used:
D:1:      lemuel_arrival_room, st_stairs_9, grunt_decor_resistance,
          serial_bayou_lake_a
D:2:      grunt_gozag_statues, uniq_crazy_yiuf_cottage

Action                   |  1- 3 |  4- 6 || total
-------------------------+-------+-------++-------
Melee: Unarmed           |    25 |       ||    25
       Dagger            |    48 |       ||    48
       Quarterstaff      |       |    33 ||    33
  Use: Scroll            |     6 |       ||     6
       Potion            |     2 |       ||     2
 Stab: Sleeping          |     5 |     5 ||    10
       Distracted        |       |     2 ||     2
  Eat: Chunk             |     1 |     1 ||     2
       Bread ration      |       |     1 ||     1
